 Dungeon Crawl Stone Soup version 0.24.0-123-gd5b16e6ec5 (webtiles) character file.

Game seed: 11050785684155741246, levelgen mode: deterministic

1422 DungeonDestroyer the Shield-Bearer (level 8, -1/67 HPs)
             Began as a Gnoll Fighter on Jan 2, 2020.
             Shot with an arrow by a centaur (7 damage)
             ... on level 5 of the Dungeon.
             The game lasted 00:07:42 (2791 turns).

DungeonDestroyer the Shield-Bearer (Gnoll Fighter)  Turns: 2791, Time: 00:07:42

Health: -1/67      AC: 13    Str: 21      XL:     8   Next: 72%
Magic:  13/13      EV:  8    Int: 11      God:
Gold:   534        SH: 12    Dex: 13 (14) Spells: 13/13 levels left

rFire    . . .     SeeInvis .   h - +4 flail (protect)
rCold    . . .     Gourm    .   c - +1 shield
rNeg     . . .     Faith    .   u - +0 chain mail
rPois    .         Spirit   .   (no helmet)
rElec    .         Reflect  .   v - +0 cloak
rCorr    +         Harm     .   (no gloves)
MR       .....                  t - +0 pair of boots
Stlth    ..........             (no amulet)
HPRegen  0.21/turn              k - ring of resist corrosion
MPRegen  0.13/turn              s - ring of attention (curse)

@: no status effects
A: distributed training, fangs 1, strong nose
a: no special abilities


You were on level 5 of the Dungeon.
You were hungry.

You visited 1 branch of the dungeon, and saw 5 of its levels.

You collected 534 gold pieces.

Inventory:

Hand Weapons
 a - a +0 war axe
 h - a +4 flail of protection (weapon)
Missiles
 e - 102 stones (quivered)
 g - 24 bolts
 i - 37 arrows
 l - 36 poisoned darts
 r - 4 boomerangs
Armour
 c - a +1 shield (worn)
 t - a +0 pair of boots (worn)
 u - a +0 chain mail (worn)
 v - a +0 cloak (worn)
Jewellery
 k - a ring of resist corrosion (left hand)
 s - a cursed ring of attention (right hand)
Scrolls
 j - 2 scrolls of immolation
 m - a scroll of fear
 n - a scroll of enchant armour
 o - a scroll of teleportation
 p - 3 scrolls of fog
 q - 3 scrolls of identify
Potions
 x - a potion of brilliance
Comestibles
 b - 2 chunks of flesh
 f - 4 rations


   Skills:
 + Level 7.4 Fighting
 + Level 3.4 Short Blades
 + Level 3.4 Long Blades
 + Level 5.8 Axes
 + Level 3.4 Maces & Flails
 + Level 3.4 Polearms
 + Level 3.4 Staves
 + Level 3.4 Slings
 + Level 3.4 Bows
 + Level 3.4 Crossbows
 + Level 3.4 Throwing
 + Level 7.4 Armour
 + Level 3.4 Dodging
 + Level 3.4 Stealth
 + Level 7.4 Shields
 + Level 3.4 Unarmed Combat
 + Level 3.4 Spellcasting
 + Level 2.8 Conjurations
 + Level 2.8 Hexes
 + Level 2.8 Charms
 + Level 2.8 Summonings
 + Level 2.8 Necromancy
 + Level 2.8 Translocations
 + Level 2.8 Transmutations
 + Level 2.8 Fire Magic
 + Level 2.8 Ice Magic
 + Level 2.8 Air Magic
 + Level 2.8 Earth Magic
 + Level 2.8 Poison Magic
 + Level 3.8 Invocations
 + Level 3.4 Evocations


You had 13 spell levels left.
You didn't know any spells.
Your spell library was empty.

Dungeon Overview and Level Annotations

Branches:
Dungeon (5/15)
 Temple: D:4-7

Altars:
Vehumet


Innate Abilities, Weirdness & Mutations

Your experience applies equally to all skills.
You have very sharp teeth.
Your uncanny sense of smell can sniff out nearby items.


Message History

The bullfrog zombie hits you but does no damage.
You block the bullfrog zombie's attack.
Unknown command.
You hit the bullfrog zombie.
You destroy the bullfrog zombie!
The phantom hits you but does no damage.
Unknown command.
You block the phantom's attack.
You closely miss the phantom. The phantom hits you.
* * * LOW HITPOINT WARNING * * *
You block the phantom's attack.
Unknown command.
As you read the scroll of teleportation, it crumbles to dust.
You feel strangely unstable.
Your surroundings suddenly seem different.
A centaur comes into view.
The centaur shouts!
The centaur wields a +0 shortbow.
The centaur shoots an arrow.
The arrow hits you!
You die...

..########
.......@.#
.........#
.........#
.........#
#....<...#
##..c.....
#.......#
#........


You could see a centaur.

Vanquished Creatures
  Sigmund (D:4)
  Edmund (D:4)
  Menkaure (D:4)
  An orc warrior (D:5)
  A phantom (D:4)
  An ogre (D:4)
  A centaur (D:5)
  A scorpion (D:4)
  A bullfrog zombie (D:5)
  A quasit (D:5)
  A hound (D:4)
  A jelly (D:5)
  A bullfrog skeleton (D:5)
  A centaur skeleton (D:4)
  An iguana (D:4)
  5 orc wizards
  3 worker ants
  A worker ant zombie (D:5)
  4 gnolls (D:4)
  8 adders
  An ooze (D:3)
  A worm (D:4)
  A dart slug (D:3)
  6 leopard geckos
  9 orcs
  2 ball pythons
  4 bats
  5 giant cockroaches
  7 goblins
  9 hobgoblins
  A quokka (D:2)
  6 frilled lizards
  4 kobolds (D:1)
  A leopard gecko skeleton (D:4)
  A quokka zombie (D:5)
  9 rats
103 creatures vanquished.

Notes
Turn   | Place    | Note
-------+----------+-------------------------------------------
     0 | D:1      | DungeonDestroyer the Gnoll Fighter began the quest for the
                  | Orb.
     0 | D:1      | Reached XP level 1. HP: 23/23 MP: 1/1
    71 | D:1      | Reached XP level 2. HP: 26/29 MP: 2/2
   314 | D:1      | Reached XP level 3. HP: 35/35 MP: 3/3
   602 | D:2      | Reached skill level 1 in Invocations
   855 | D:2      | Reached skill level 1 in Short Blades
   855 | D:2      | Reached skill level 1 in Long Blades
   855 | D:2      | Reached skill level 1 in Maces & Flails
   855 | D:2      | Reached skill level 1 in Polearms
   855 | D:2      | Reached skill level 1 in Staves
   855 | D:2      | Reached skill level 1 in Slings
   855 | D:2      | Reached skill level 1 in Bows
   855 | D:2      | Reached skill level 1 in Crossbows
   855 | D:2      | Reached skill level 1 in Throwing
   855 | D:2      | Reached skill level 1 in Dodging
   855 | D:2      | Reached skill level 1 in Stealth
   855 | D:2      | Reached skill level 1 in Unarmed Combat
   855 | D:2      | Reached skill level 1 in Spellcasting
   855 | D:2      | Reached skill level 1 in Evocations
   855 | D:2      | Reached XP level 4. HP: 37/41 MP: 5/5
  1000 | D:2      | Found a radiant altar of Vehumet.
  1274 | D:3      | Reached skill level 1 in Conjurations
  1274 | D:3      | Reached skill level 1 in Hexes
  1274 | D:3      | Reached skill level 1 in Charms
  1274 | D:3      | Reached skill level 1 in Summonings
  1274 | D:3      | Reached skill level 1 in Necromancy
  1274 | D:3      | Reached skill level 1 in Translocations
  1274 | D:3      | Reached skill level 1 in Transmutations
  1274 | D:3      | Reached skill level 1 in Fire Magic
  1274 | D:3      | Reached skill level 1 in Ice Magic
  1274 | D:3      | Reached skill level 1 in Air Magic
  1274 | D:3      | Reached skill level 1 in Earth Magic
  1274 | D:3      | Reached skill level 1 in Poison Magic
  1577 | D:4      | Reached XP level 5. HP: 47/47 MP: 5/7
  1622 | D:4      | Reached XP level 6. HP: 26/53 MP: 8/8
  1884 | D:4      | Noticed a phantom
  1902 | D:4      | Killed a phantom
  1902 | D:4      | Reached skill level 5 in Axes
  1981 | D:4      | Reached XP level 7. HP: 52/59 MP: 10/10
  2365 | D:4      | Noticed Edmund
  2365 | D:4      | Noticed Menkaure
  2377 | D:4      | Killed Edmund
  2379 | D:4      | Killed Menkaure
  2379 | D:4      | Reached XP level 8. HP: 58/67 MP: 10/12
  2424 | D:4      | Noticed Sigmund
  2435 | D:4      | Killed Sigmund
  2681 | D:5      | Entered Level 5 of the Dungeon
  2791 | D:5      | Shot with an arrow by a centaur

Levels and vault maps discovered:
D:1:      dpeg_arrival_lava_temple_mockup, layout_rooms
D:2:      layout_basic, marbit_many_paths
D:3:      layout_rooms, due_unseen_surprise
D:4:      minmay_polygon_palace, layout_basic, sigmund_edmund_badplayer,
          uniq_menkaure
D:5:      cheibrodos_fzero, layout_basic, serial_shops, nicolae_shop_waterfront,
          shop_fountains, gammafunk_ghost_hive, first_ration,
          nicolae_ru_sacrificial_ziggurat

Skill      XL: |  1  2  3  4  5  6  7  8 |
---------------+-------------------------+-----
Invocations    | 1 2 3 |  3.8
Short Blades   | 1 2 3 |  3.4
Long Blades    | 1 2 3 |  3.4
Maces & Flails | 1 2 3 |  3.4
Polearms       | 1 2 3 |  3.4
Staves         | 1 2 3 |  3.4
Slings         | 1 2 3 |  3.4
Bows           | 1 2 3 |  3.4
Crossbows      | 1 2 3 |  3.4
Throwing       | 1 2 3 |  3.4
Dodging        | 1 2 3 |  3.4
Stealth        | 1 2 3 |  3.4
Unarmed Combat | 1 2 3 |  3.4
Spellcasting   | 1 2 3 |  3.4
Evocations     | 1 2 3 |  3.4
Conjurations   | 1 2 |  2.8
Hexes          | 1 2 |  2.8
Charms         | 1 2 |  2.8
Summonings     | 1 2 |  2.8
Necromancy     | 1 2 |  2.8
Translocations | 1 2 |  2.8
Transmutations | 1 2 |  2.8
Fire Magic     | 1 2 |  2.8
Ice Magic      | 1 2 |  2.8
Air Magic      | 1 2 |  2.8
Earth Magic    | 1 2 |  2.8
Poison Magic   | 1 2 |  2.8
Axes           | 5 |  5.8
Fighting       | 7 |  7.4
Armour         | 7 |  7.4
Shields        | 7 |  7.4

Action                   |  1- 3 |  4- 6 |  7- 9 || total
-------------------------+-------+-------+-------++-------
Melee: War axe           |    75 |   124 |   106 ||   305
       Bite              |     4 |    12 |    21 ||    37
       Flail             |       |       |     9 ||     9
  Use: Scroll            |     4 |     4 |     2 ||    10
       Potion            |     4 |     2 |     1 ||     7
  Eat: Chunk             |       |     4 |     2 ||     6
Armor: Scale mail        |    22 |    63 |    24 ||   109
       Chain mail        |       |       |    33 ||    33
Dodge: Dodged            |    21 |    51 |    30 ||   102
Block: Shield            |    46 |    99 |    77 ||   222
